 Dungeon Crawl Stone Soup version 0.23.1 (webtiles) character file.

Game seed: 8830818325604266550

288 Fang the Skirmisher (level 6, -4/39 HPs)
             Began as a Gargoyle Berserker on Mar 8, 2019.
             Was a Believer of Trog.
             Shot with an arrow by a centaur (5 damage)
             ... on level 4 of the Dungeon.
             The game lasted 00:02:12 (2962 turns).

Fang the Skirmisher (Gargoyle Berserker)            Turns: 2962, Time: 00:02:13

Health: -4/39      AC: 13    Str: 22    XL:     6   Next: 31%
Magic:  6/6        EV:  9    Int:  8    God:    Trog [**....]
Gold:   151        SH:  0    Dex:  9    Spells: 5/5 levels left

rFire    . . .     SeeInvis .   a - +0 hand axe
rCold    . . .     Gourm    .   (no shield)
rNeg     + . .     Faith    .   f - +0 chain mail
rPois    ∞         Spirit   .   (no helmet)
rElec    +         Reflect  .   (no cloak)
rCorr    +         Harm     .   (no gloves)
MR       .....                  (no boots)
Stlth    ..........             (no amulet)
HPRegen  0.13/turn              l - ring of resist corrosion
MPRegen  0.10/turn              (no ring)

@: no status effects
A: negative energy resistance 1, electricity resistance, unbreathing,
petrification resistance, rot immunity, AC +4
a: Berserk, Trog's Hand, Renounce Religion


You were on level 4 of the Dungeon.
You worshipped Trog.
Trog was pleased with you.
You were not hungry.

You visited 1 branch of the dungeon, and saw 4 of its levels.

You collected 151 gold pieces.

Inventory:

Hand Weapons
 a - a +0 hand axe (weapon)
Armour
 f - a +0 chain mail (worn)
Jewellery
 l - a ring of resist corrosion (left hand)
Scrolls
 g - 7 scrolls of identify {unknown}
 k - 3 scrolls of remove curse {unknown}
Potions
 d - 3 potions of heal wounds {unknown}
 e - a potion of ambrosia {unknown}
 h - a potion of agility {unknown}
 i - a potion of magic {unknown}
 j - 2 potions of curing {unknown}
 m - a potion of mutation {unknown}
Comestibles
 c - 10 rations


   Skills:
 + Level 4.7 Fighting
 + Level 3.9 Axes
 + Level 3.9 Armour
 + Level 2.9 Dodging


You had 5 spell levels left.
You didn't know any spells.
Your spell library was empty.

Dungeon Overview and Level Annotations

Branches:
Dungeon (4/15)
 Temple: D:4-7

Altars:
Fedhas
Yredelemnul


Innate Abilities, Weirdness & Mutations

You are resistant to torment.
Your stone body is resilient. (AC +4)
You are immune to poison.
You resist negative energy. (rN+)
You are resistant to electric shocks. (rElec)
You can survive without breathing.
You are immune to petrification.
You are immune to rotting.


Message History

The bush is lightly damaged.
You hit the bush but do no damage. You hit the bush.
The centaur wields a +0 shortbow.
The centaur shoots an arrow.
The arrow closely misses you.
You hit the bush but do no damage.
The bush is lightly damaged.
You hit the bush but do no damage. x2; The centaur shoots an arrow.
The arrow hits you.
* * * LOW HITPOINT WARNING * * *
The centaur shoots an arrow.
The arrow hits you but does no damage.
You hit the bush but do no damage.
The bush is lightly damaged.
You hit the bush but do no damage. You hit the bush.
The centaur shoots an arrow.
The arrow hits you!
* * * LOW HITPOINT WARNING * * *
You hit the bush.
The bush is lightly damaged.
You hit the bush but do no damage. x2; The centaur shoots an arrow.
The arrow hits you.
You die...

.# .# .#
####.#.#
PPP..#.#
PP....#.#
P_PP.#..#
.. PPcP@.(#
...PPPP(..#
.......(.##
..#####((#
./...##(##
.......<#
.########


You could see a centaur.

Vanquished Creatures
  An ice beast (D:2)
  A scorpion (D:4)
  Jessica (D:3)
  3 adders
  An ooze (D:1)
  5 worms
  2 dart slugs
  An orc (D:3)
  A ball python (D:1)
  6 giant cockroaches
  2 gnoll zombies (D:3)
  9 goblins
  6 hobgoblins
  5 jackals
  8 bats
  6 frilled lizards
  7 kobolds
  6 rats
71 creatures vanquished.

Notes
Turn   | Place    | Note
-------+----------+-------------------------------------------
     0 | D:1      | Fang the Gargoyle Berserker began the quest for the Orb.
     0 | D:1      | Reached XP level 1. HP: 14/14 MP: 1/1
    97 | D:1      | Reached XP level 2. HP: 17/19 MP: 2/2
   614 | D:1      | Reached XP level 3. HP: 20/23 MP: 3/3
   933 | D:1      | Reached ** piety under Trog
  1498 | D:2      | Noticed an ice beast
  1517 | D:2      | Killed an ice beast
  1517 | D:2      | Reached skill level 4 in Fighting
  1517 | D:2      | Reached XP level 4. HP: 20/29 MP: 4/4
  1517 | D:2      | Reached XP level 5. HP: 23/33 MP: 5/5
  2414 | D:3      | Noticed Jessica
  2427 | D:3      | Killed Jessica
  2427 | D:3      | Reached XP level 6. HP: 30/39 MP: 6/6
  2802 | D:3      | Found a basalt altar of Yredelemnul.
  2948 | D:4      | Found a blossoming altar of Fedhas.
  2961 | D:4      | HP: 1/39 [centaur/arrow (9)]
  2962 | D:4      | Shot with an arrow by a centaur

Skill      XL: |  1  2  3 |
---------------+----------+-----
Axes           | 3 |  3.9
Dodging        | 2 |  2.9
Fighting       | 4 |  4.7
Armour         | 3 |  3.9

Action                   |  1- 3 |  4- 6 || total
-------------------------+-------+-------++-------
Melee: Hand axe          |   150 |   158 ||   308
Invok: Berserk           |     2 |     1 ||     3
  Eat: Chunk             |     3 |     7 ||    10
Armor: Animal skin       |    45 |       ||    45
       Chain mail        |    13 |   107 ||   120
Dodge: Dodged            |   120 |    72 ||   192
